 Dungeon Crawl Stone Soup version 0.25-a0-464-g3004169c2b (webtiles) character file.

Game seed: 1669279814360128576, levelgen mode: deterministic

25 Erk the Skirmisher (level 2, -1/27 HPs)
             Began as a Draconian Fighter on Feb 4, 2020.
             Slain by an adder (2 damage)
             ... on level 2 of the Dungeon.
             The game lasted 00:01:25 (554 turns).

Erk the Skirmisher (Draconian Fighter)               Turns: 554, Time: 00:01:25

Health: -1/27      AC:  6    Str: 18    XL:     2   Next: 82%
Magic:  2/2        EV: 10    Int:  8    God:
Gold:   18         SH:  9    Dex: 10    Spells: 1/1 levels left

rFire    . . .     SeeInvis .   a - +0 war axe
rCold    . . .     Gourm    .   b - +0 shield
rNeg     . . .     Faith    .   (armour unavailable)
rPois    .         Spirit   .   (helmet restricted)
rElec    .         Reflect  .   (no cloak)
rCorr    .         Harm     .   g - +1 pair of gloves
MR       .....                  (no boots)
Stlth    +.........             (no amulet)
HPRegen  0.09/turn              (no ring)
MPRegen  0.08/turn              (no ring)

@: no status effects
A: unfitting armour, cold-blooded, AC +4
a: no special abilities


You were on level 2 of the Dungeon.
You were not hungry.

You visited 1 branch of the dungeon, and saw 2 of its levels.

You collected 18 gold pieces.

Inventory:

Hand Weapons
 a - a +0 war axe (weapon)
Armour
 b - a +0 shield (worn)
 g - a +1 pair of gloves (worn)
Scrolls
 f - a scroll of random uselessness {unknown}
 h - a scroll of fear {unknown}
Potions
 c - a potion of might
 e - a potion of curing {unknown}
 i - a potion of cancellation {unknown}
Comestibles
 d - 4 rations


   Skills:
 + Level 3.9 Fighting
 - Level 2.0 Axes
 - Level 2.6 Dodging
 + Level 3.6 Shields


You had one spell level left.
You didn't know any spells.
Your spell library was empty.

Dungeon Overview and Level Annotations

Branches:
Dungeon (2/15)

Altars:


Innate Abilities, Weirdness & Mutations

Your plain brown scales are hard. (AC +4)
You cannot fit into any form of body armour.
You are cold-blooded and may be slowed by cold attacks.


Message History

* * * LOW HITPOINT WARNING * * *
You feel sick. The adder bites you but does no damage.
You block the adder's attack.
You closely miss the adder.
Your tail-slap misses the adder.
The adder is almost dead.
The adder bites you but does no damage. The adder closely misses you.
You barely miss the adder.
The adder is almost dead.
The adder misses you. The adder barely misses you.
You closely miss the adder.
The adder is almost dead.
* * * LOW HITPOINT WARNING * * *
You feel sick.
You are no longer poisoned.
You block the adder's attack. The adder misses you.
Your shield prevents you from hitting the adder.
Your tail-slap misses the adder.
The adder is almost dead.
The adder bites you.
You die...

.### ..?# ....# ##+#
....# ##...## ....
##.....## #..
##.......## ##S##
#.........####@).#.##
+.........'...........
#.........####$..#.###
#.......## ......#
##.....## .###..#
##..†## #. ..# ##'##
#. ## #.# #. #.#


You could see an adder.

Vanquished Creatures
  A worm (D:2)
  A dart slug (D:1)
  A giant cockroach (D:2)
  A goblin (D:1)
  4 hobgoblins
  A ball python (D:1)
  4 bats
  A frilled lizard (D:1)
  2 kobolds (D:1)
  3 rats (D:1)
19 creatures vanquished.

Notes
Turn   | Place    | Note
-------+----------+-------------------------------------------
     0 | D:1      | Erk the Draconian Fighter began the quest for the Orb.
     0 | D:1      | Reached XP level 1. HP: 19/19 MP: 1/1
   126 | D:1      | Reached XP level 2. HP: 26/26 MP: 2/2
   550 | D:2      | HP: 1/27 [poisoned by an adder]
   554 | D:2      | Slain by an adder

Levels and vault maps discovered:
D:1:      minmay_arrival_four_circles, layout_basic
D:2:      cheibrodos_old_hovel, layout_loops_corners

Action                   || total
-------------------------++-------
Melee: War axe           ||    51
       Tailslap          ||     3
Armor: Skin              ||    18
Dodge: Dodged            ||    23
Block: Shield            ||    31

Table legend:
 A = Non-vault XP
 B = Vault XP
 C = Vault XP percentage of total XP
 D = Non-vault monster count
 E = Vault monster count
 F = Vault count percentage of total count
                 A         B        C        D         E       F
            +---------+---------+-------+---------+---------+-------
      Total |      36 |       0 |   0.0 |      19 |       0 |   0.0
            +---------+---------+-------+---------+---------+-------
        D:1 |      23 |       0 |   0.0 |      14 |       0 |   0.0
        D:2 |      13 |       0 |   0.0 |       5 |       0 |   0.0
            +---------+---------+-------+---------+---------+-------
